| TOP OF THE 1ST |
|
Savannah Indians batting - Pitching for Asheville Tourists : RHP Victor Cruz
|
|
Pitching: RHP Victor Cruz
|
|
|
Batting: RHB Talmadge Tanks
|
0-0: Called Strike 0-1: Ball 1-1: Ball 2-1: Ball 3-1: Base on Balls
|
|
Batting: RHB Igor Roosendaal
|
0-0: Ball 1-0: Swinging Strike 1-1: Fly out, F8 (Flyball, 8LXD, EV 104.4 MPH)
|
|
Batting: SHB Gary Pettis
|
0-0: Ball 1-0: Ball 2-0: Fielders Choice at 2nd, 4-6 (Groundball, 4M, EV 104.4 MPH)
|
|
Batting: LHB Omar Guerrero
|
0-0: Ball 1-0: Ball 2-0: Ball 3-0: Called Strike 3-1: Called Strike 3-2: Base on Balls Gary Pettis to second
|
|
Batting: RHB Eddie Vargas
|
0-0: Called Strike 0-1: Ball 1-1: Called Strike 1-2: Strikes out swinging
|
| Top of the 1st over - 0 runs, 0 hits, 0 errors, 2 left on base; Savannah 0 - Asheville 0 |
| BOTTOM OF THE 1ST |
|
Asheville Tourists batting - Pitching for Savannah Indians : RHP Jeffrey Horne
|
|
Pitching: RHP Jeffrey Horne
|
|
|
Batting: RHB Ulises Infante
|
0-0: Called Strike 0-1: Ball 1-1: Ball 2-1: Ball 3-1: Base on Balls
|
|
Batting: RHB John Damon
|
0-0: Fly out, F8 (Flyball, 8LD, EV 86.9 MPH)
|
|
Batting: LHB Scott Radloff
|
0-0: Ball 1-0: Called Strike 1-1: SINGLE (Line Drive, 7S, EV 104.4 MPH) Ulises Infante to second
|
|
Batting: LHB Elias Nava
|
0-0: Called Strike 0-1: Ball 1-1: Fly out, F4 (Line Drive, 4, EV 75.0 MPH)
|
|
Batting: RHB Wes Robbins
|
0-0: Ball 1-0: Foul Ball, location: 2F 1-1: Fielders Choice at 2nd, 5-4 (Groundball, 56, EV 84.4 MPH)
|
| Bottom of the 1st over - 0 runs, 1 hit, 0 errors, 2 left on base; Savannah 0 - Asheville 0 |
| TOP OF THE 2ND |
|
Savannah Indians batting - Pitching for Asheville Tourists : RHP Victor Cruz
|
|
Batting: LHB Ken Smith
|
0-0: Foul Ball, location: 2F 0-1: Foul Ball, location: 2F 0-2: Strikes out looking
|
|
Batting: RHB Bill Hayes
|
0-0: Called Strike 0-1: Ball 1-1: Fly out, F7 (Flyball, 78D, EV 94.4 MPH)
|
|
Batting: RHB Emilio Perez
|
0-0: Called Strike 0-1: Ball 1-1: Ground out 6-3 (Groundball, 6S, EV 83.8 MPH)
|
| Top of the 2nd over - 0 runs, 0 hits, 0 errors, 0 left on base; Savannah 0 - Asheville 0 |
| BOTTOM OF THE 2ND |
|
Asheville Tourists batting - Pitching for Savannah Indians : RHP Jeffrey Horne
|
|
Batting: RHB Daniel Gausepohl
|
0-0: SINGLE (Groundball, 56, EV 101.3 MPH)
|
|
Batting: LHB Steven Morrison
|
0-0: Ball Pickoff Throw by Catcher to First - Out! 1-0: Ball 2-0: Ball 3-0: Called Strike 3-1: Base on Balls
|
|
Batting: RHB Mike Garcia
|
0-0: Swinging Strike 0-1: Swinging Strike 0-2: Ball 1-2: SINGLE (Groundball, 6S, EV 67.5 MPH) (infield hit) Steven Morrison to second
|
|
Batting: RHB Brian Snitker
|
0-0: Called Strike 0-1: Ball 1-1: Ball 2-1: Swinging Strike 2-2: Ball 3-2: Strikes out looking
|
|
Batting: RHB Ulises Infante
|
0-0: Called Strike 0-1: Swinging Strike 0-2: Foul Ball, location: 2F 0-2: Ball 1-2: Strikes out looking
|
| Bottom of the 2nd over - 0 runs, 2 hits, 0 errors, 2 left on base; Savannah 0 - Asheville 0 |
| TOP OF THE 3RD |
|
Savannah Indians batting - Pitching for Asheville Tourists : RHP Victor Cruz
|
|
Batting: RHB Darrell Woodard
|
0-0: Ball 1-0: Ball 2-0: Ball 3-0: Foul Ball, location: 2F 3-1: Base on Balls
|
|
Batting: RHB Talmadge Tanks
|
0-0: Ball 1-0: Ball 2-0: Ball 3-0: Called Strike 3-1: Called Strike 3-2: Foul Ball, location: 2F 3-2: Fly out, F7 (Flyball, 78D, EV 102.5 MPH)
|
|
Batting: RHB Igor Roosendaal
|
0-0: Ball Darrell Woodard steals 2nd base (no throw) 1-0: Ball 2-0: Foul Ball, location: 2F 2-1: Ground out 5-3 (Groundball, 56, EV 86.9 MPH)
|
|
Batting: SHB Gary Pettis
|
0-0: Swinging Strike 0-1: Foul Ball, location: 2F 0-2: Fly out, F3 (Line Drive, 3, EV 67.5 MPH)
|
| Top of the 3rd over - 0 runs, 0 hits, 0 errors, 1 left on base; Savannah 0 - Asheville 0 |
| BOTTOM OF THE 3RD |
|
Asheville Tourists batting - Pitching for Savannah Indians : RHP Jeffrey Horne
|
|
Batting: RHB John Damon
|
0-0: Ball 1-0: Swinging Strike 1-1: Foul Ball, location: 2F 1-2: Ball 2-2: Ball 3-2: Foul Ball, location: 2F 3-2: Fly out, F6 (Popup, 15S, EV 89.4 MPH)
|
|
Batting: LHB Scott Radloff
|
0-0: Fly out, F7 (Flyball, 7S, EV 83.1 MPH)
|
|
Batting: LHB Elias Nava
|
0-0: Ball 1-0: Swinging Strike 1-1: Called Strike 1-2: Ball 2-2: Foul Ball, location: 2F 2-2: Ball 3-2: Fly out, F8 (Flyball, 78D, EV 86.9 MPH)
|
| Bottom of the 3rd over - 0 runs, 0 hits, 0 errors, 0 left on base; Savannah 0 - Asheville 0 |
| TOP OF THE 4TH |
|
Savannah Indians batting - Pitching for Asheville Tourists : RHP Victor Cruz
|
|
Batting: LHB Omar Guerrero
|
0-0: Ball 1-0: Foul Ball, location: 2F 1-1: SINGLE (Groundball, 6M, EV 109.4 MPH) (infield hit)
|
|
Batting: RHB Eddie Vargas
|
0-0: Called Strike 0-1: Ball 1-1: Fly out, F9 (Flyball, 89S, EV 86.9 MPH)
|
|
Batting: LHB Ken Smith
|
0-0: Ball 1-0: Swinging Strike 1-1: Swinging Strike 1-2: SINGLE (Line Drive, 4M, EV 99.4 MPH) Omar Guerrero to second Runner from 2nd tries for 3rd, OUT! 8-5
|
|
Batting: RHB Bill Hayes
|
0-0: Ball 1-0: Ball 2-0: Foul Ball, location: 2F 2-1: Fielders Choice at 2nd, U4 (Groundball, 4M, EV 99.4 MPH)
|
| Top of the 4th over - 0 runs, 2 hits, 0 errors, 1 left on base; Savannah 0 - Asheville 0 |
| BOTTOM OF THE 4TH |
|
Asheville Tourists batting - Pitching for Savannah Indians : RHP Jeffrey Horne
|
|
Batting: RHB Wes Robbins
|
0-0: Ball 1-0: Foul Ball, location: 2F 1-1: Ball 2-1: Called Strike 2-2: Fly out, F3 (Popup, 3L, EV 78.8 MPH)
|
|
Batting: RHB Daniel Gausepohl
|
0-0: Called Strike 0-1: SINGLE (Line Drive, 89S, EV 88.1 MPH)
|
|
Batting: LHB Steven Morrison
|
0-0: Called Strike 0-1: Ball 1-1: Fielders Choice at 2nd, 4-6 (Groundball, 4M, EV 83.1 MPH)
|
|
Batting: RHB Mike Garcia
|
0-0: Called Strike 0-1: Ground out 4-3 (Groundball, 4, EV 90.6 MPH)
|
| Bottom of the 4th over - 0 runs, 1 hit, 0 errors, 1 left on base; Savannah 0 - Asheville 0 |
| TOP OF THE 5TH |
|
Savannah Indians batting - Pitching for Asheville Tourists : RHP Victor Cruz
|
|
Batting: RHB Emilio Perez
|
0-0: Ball 1-0: SINGLE (Groundball, 56D, EV 88.8 MPH) (infield hit)
|
|
Batting: RHB Darrell Woodard
|
0-0: Bunted foul 0-1: Ball 1-1: Sac Bunt to 13S - play at first, batter OUT! 1-4 Emilio Perez to second
|
|
Batting: RHB Talmadge Tanks
|
0-0: Called Strike 0-1: Swinging Strike 0-2: Ball 1-2: Foul Ball, location: 2F 1-2: Ball 2-2: Strikes out swinging
|
|
Batting: RHB Igor Roosendaal
|
0-0: Called Strike 0-1: Ball 1-1: Foul Ball, location: 2F 1-2: Foul Ball, location: 2F 1-2: Foul Ball, location: 2F 1-2: Ground out 5-3 (Groundball, 5S, EV 88.1 MPH)
|
| Top of the 5th over - 0 runs, 1 hit, 0 errors, 1 left on base; Savannah 0 - Asheville 0 |
| BOTTOM OF THE 5TH |
|
Asheville Tourists batting - Pitching for Savannah Indians : RHP Jeffrey Horne
|
|
Batting: RHB Brian Snitker
|
0-0: Ball 1-0: Fly out, F7 (Flyball, 7LS, EV 88.1 MPH)
|
|
Batting: RHB Ulises Infante
|
0-0: Called Strike 0-1: Foul Ball, location: 2F 0-2: Foul Ball, location: 2F 0-2: SINGLE (Line Drive, 78S, EV 105.0 MPH)
|
|
Batting: RHB John Damon
|
0-0: Ball 1-0: Fly out, F8 (Flyball, 8LD, EV 93.1 MPH)
|
|
Batting: LHB Scott Radloff
|
0-0: Called Strike 0-1: Ball 1-1: Foul Ball, location: 2F 1-2: Strikes out swinging
|
| Bottom of the 5th over - 0 runs, 1 hit, 0 errors, 1 left on base; Savannah 0 - Asheville 0 |
| TOP OF THE 6TH |
|
Savannah Indians batting - Pitching for Asheville Tourists : RHP Victor Cruz
|
|
Batting: SHB Gary Pettis
|
0-0: Ball 1-0: Foul Ball, location: 2F 1-1: Ground out 5-3 (Groundball, 56, EV 79.4 MPH)
|
|
Batting: LHB Omar Guerrero
|
0-0: Called Strike 0-1: Ball 1-1: Ball 2-1: Foul Ball, location: 2F 2-2: Reached on error, E5 (Groundball, 56, EV 93.1 MPH)
|
|
Batting: RHB Eddie Vargas
|
0-0: Ball 1-0: SINGLE (Line Drive, 7S, EV 98.1 MPH) Omar Guerrero to second
|
|
Batting: LHB Ken Smith
|
0-0: Ball 1-0: Swinging Strike 1-1: Ball 2-1: Foul Ball, location: 2F 2-2: Ball 3-2: Base on Balls Omar Guerrero to third Eddie Vargas to second
|
|
Batting: RHB Bill Hayes
|
0-0: Ball 1-0: Called Strike 1-1: Foul Ball, location: 2F 1-2: Ball 2-2: Grounds into double play, 6-4-3 (Groundball, 6, EV 103.8 MPH)
|
| Top of the 6th over - 0 runs, 1 hit, 1 error, 2 left on base; Savannah 0 - Asheville 0 |
| BOTTOM OF THE 6TH |
|
Asheville Tourists batting - Pitching for Savannah Indians : RHP Jeffrey Horne
|
|
Batting: LHB Elias Nava
|
0-0: Ball 1-0: Swinging Strike 1-1: Ball 2-1: Swinging Strike 2-2: Foul Ball, location: 2F 2-2: Ball 3-2: Ground out U3 (Groundball, 34S, EV 70.0 MPH)
|
|
Batting: RHB Wes Robbins
|
0-0: Called Strike 0-1: Called Strike 0-2: Foul Ball, location: 2F 0-2: SINGLE (Groundball, 56, EV 78.8 MPH) (infield hit)
|
|
Batting: RHB Daniel Gausepohl
|
0-0: Ball 1-0: Foul Ball, location: 2F 1-1: Swinging Strike 1-2: Fly out, F7 (Flyball, 7S, EV 96.9 MPH)
|
|
Batting: LHB Steven Morrison
|
0-0: Foul Ball, location: 2F 0-1: Foul Ball, location: 2F 0-2: Ball 1-2: Strikes out swinging
|
| Bottom of the 6th over - 0 runs, 1 hit, 0 errors, 1 left on base; Savannah 0 - Asheville 0 |
| TOP OF THE 7TH |
|
Savannah Indians batting - Pitching for Asheville Tourists : RHP Victor Cruz
|
|
Batting: RHB Emilio Perez
|
0-0: Called Strike 0-1: SINGLE (Groundball, 56D, EV 104.4 MPH)
|
|
Batting: RHB Darrell Woodard
|
0-0: Ball 1-0: Bunted foul 1-1: Sac Bunt to 15S - play at first, batter safe! Emilio Perez to second
|
|
Batting: RHB Talmadge Tanks
|
0-0: Ball 1-0: Ball 2-0: Bunted foul 2-1: Bunted foul 2-2: Grounds into double play, 5-4-3 (Groundball, 5, EV 84.4 MPH) Emilio Perez to third
|
|
Batting: RHB Igor Roosendaal
|
0-0: Swinging Strike 0-1: Foul Ball, location: 2F 0-2: Ball 1-2: Foul Ball, location: 2F 1-2: Fly out, F4 (Flyball, 34D, EV 96.3 MPH)
|
| Top of the 7th over - 0 runs, 2 hits, 0 errors, 1 left on base; Savannah 0 - Asheville 0 |
| BOTTOM OF THE 7TH |
|
Asheville Tourists batting - Pitching for Savannah Indians : RHP Jeffrey Horne
|
|
Batting: RHB Mike Garcia
|
0-0: Ball 1-0: Ball 2-0: Foul Ball, location: 2F 2-1: Foul Ball, location: 2F 2-2: Foul Ball, location: 2F 2-2: Ground out 5-3 (Groundball, 56S, EV 87.5 MPH)
|
|
Batting: RHB Brian Snitker
|
0-0: Ball 1-0: Ball 2-0: Swinging Strike 2-1: Swinging Strike 2-2: Ground out 5-3 (Groundball, 56S, EV 71.3 MPH)
|
|
Batting: RHB Ulises Infante
|
0-0: Called Strike 0-1: SINGLE (Groundball, 6MD, EV 104.4 MPH)
|
|
Batting: RHB John Damon
|
0-0: Ball 1-0: Ball 2-0: Foul Ball, location: 2F 2-1: Foul Ball, location: 2F 2-2: Foul Ball, location: 2F 2-2: Foul Ball, location: 2F 2-2: Ball 3-2: Strikes out swinging
|
| Bottom of the 7th over - 0 runs, 1 hit, 0 errors, 1 left on base; Savannah 0 - Asheville 0 |
| TOP OF THE 8TH |
|
Savannah Indians batting - Pitching for Asheville Tourists : RHP Victor Cruz
|
|
Batting: SHB Gary Pettis
|
0-0: Ball 1-0: Swinging Strike 1-1: Foul Ball, location: 2F 1-2: SINGLE (Groundball, 4MD, EV 106.3 MPH)
|
|
Batting: LHB Omar Guerrero
|
0-0: Ball 1-0: Ball 2-0: Ball 3-0: Base on Balls Gary Pettis to second
|
|
Batting: RHB Eddie Vargas
|
0-0: Called Strike 0-1: Called Strike 0-2: Ball 1-2: Ball 2-2: Strikes out swinging
|
|
Pitching: RHP Michael Culbert
|
|
|
Batting: LHB Ken Smith
|
0-0: Ball Gary Pettis steals 3rd base Omar Guerrero to second 1-0: Foul Ball, location: 2F 1-1: Foul Ball, location: 2F 1-2: Ball 2-2: 3-RUN HOME RUN (Flyball, 89XD, EV 96.3 MPH), Distance : 385 ft
|
|
Batting: RHB Bill Hayes
|
0-0: Called Strike 0-1: DOUBLE (Flyball, 8RXD, EV 103.8 MPH)
|
|
Batting: RHB Emilio Perez
|
0-0: Foul Ball, location: 2F 0-1: Ball 1-1: Ball 2-1: Called Strike 2-2: Foul Ball, location: 2F 2-2: Foul Ball, location: 2F 2-2: Foul Ball, location: 2F 2-2: Strikes out swinging
|
|
Batting: RHB Darrell Woodard
|
0-0: Fly out, F3 (Flyball, 34D, EV 86.3 MPH)
|
| Top of the 8th over - 3 runs, 3 hits, 0 errors, 1 left on base; Savannah 3 - Asheville 0 |
| BOTTOM OF THE 8TH |
|
Asheville Tourists batting - Pitching for Savannah Indians : RHP Jeffrey Horne
|
|
Batting: LHB Scott Radloff
|
0-0: Ball 1-0: Foul Ball, location: 2F 1-1: Swinging Strike 1-2: Ball 2-2: Strikes out swinging
|
|
Batting: LHB Elias Nava
|
0-0: Ball 1-0: Swinging Strike 1-1: Ball 2-1: Foul Ball, location: 2F 2-2: Fly out, F1 (Popup, 15, EV 80.6 MPH)
|
|
Batting: RHB Wes Robbins
|
0-0: Ball 1-0: Swinging Strike 1-1: Called Strike 1-2: Strikes out looking
|
| Bottom of the 8th over - 0 runs, 0 hits, 0 errors, 0 left on base; Savannah 3 - Asheville 0 |
| TOP OF THE 9TH |
|
Savannah Indians batting - Pitching for Asheville Tourists : RHP Michael Culbert
|
|
Batting: RHB Talmadge Tanks
|
0-0: Called Strike 0-1: Foul Ball, location: 2F 0-2: Ball 1-2: Foul Ball, location: 2F 1-2: Ball 2-2: Ball 3-2: Fly out, F8 (Flyball, 8RS, EV 88.1 MPH)
|
|
Batting: RHB Igor Roosendaal
|
0-0: Ball 1-0: Ground out 6-3 (Groundball, 6, EV 86.3 MPH)
|
|
Batting: SHB Gary Pettis
|
0-0: Foul Ball, location: 2F 0-1: Fly out, F7 (Flyball, 7S, EV 91.9 MPH)
|
| Top of the 9th over - 0 runs, 0 hits, 0 errors, 0 left on base; Savannah 3 - Asheville 0 |
| BOTTOM OF THE 9TH |
|
Asheville Tourists batting - Pitching for Savannah Indians : RHP Jeffrey Horne
|
|
Pitching: RHP Joel Willett
|
|
|
Batting: RHB Daniel Gausepohl
|
0-0: Ball 1-0: Ball 2-0: Called Strike 2-1: Foul Ball, location: 2F 2-2: Foul Ball, location: 2F 2-2: Strikes out swinging
|
|
Batting: LHB Steven Morrison
|
0-0: Ground out 4-3 (Groundball, 34, EV 90.0 MPH)
|
|
Batting: RHB Mike Garcia
|
0-0: Reached on error, E6 (Groundball, 6, EV 85.0 MPH)
|
|
Batting: RHB Brian Snitker
|
0-0: Ball 1-0: Called Strike 1-1: Ball 2-1: Foul Ball, location: 2F 2-2: Strikes out looking
|
| Bottom of the 9th over - 0 runs, 0 hits, 1 error, 1 left on base; Savannah 3 - Asheville 0 |
|